Map: Automaton LE

Players

IGCAlinator - Winner!

  • Race: Protoss Protoss
  • League: Platinum
  • Spawn Location: 3:00

AndyMills

  • Race: Protoss Protoss
  • League: Gold
  • Spawn Location: 9:00

VOD

Have the link to the VOD?

Description

Time

  • Played on: Feb. 8, 2019, 8:23 a.m.
  • Length: 9:39
Show
View Real Time Build Order
Export as new Build Order

IGCAlinator Protoss - Winner!

Build Orders: Archon Immortal 

Get SALT Encoding   

  12  0:00  Probe  
  13  0:13  Probe  
  14  0:18  Pylon  
  14  0:25  Probe  
  15  0:33  Probe  
  15  0:40  Gateway  
  15  0:41  Probe  
  16  0:49  Assimilator  
  17  0:51  Probe  
  18  0:57  Assimilator  
  18  1:03  Probe  
  19  1:13  Gateway  
  19  1:19  Probe  
  20  1:30  Cybernetics Core  
  20  1:31  Probe  
  21  1:42  Pylon  
  21  1:43  Probe  
  22  1:55  Probe  
  23  2:10  Adept x2  
  23  2:11  Warp Gate  
  23  2:12  Probe  
  28  2:25  Probe  
  29  2:38  Pylon  
  29  2:39  Probe  
  30  2:55  Stalker  
  30  2:56  Sentry  
  34  2:59  Nexus  
  34  3:01  Probe  
  35  3:22  Probe  
  35  3:26  Shield Battery  
  36  3:32  Robotics Facility  
  36  3:34  Probe  
  37  3:46  Stalker  
  39  3:52  Pylon  
  39  4:09  Stalker  
  41  4:17  Immortal  
  41  4:22  Probe  
  41  4:25  Probe  
  41  4:30  Probe  
  47  4:37  Probe  
  49  4:39  Probe  
  50  4:46  Probe, Assimilator  
  50  4:48  Pylon, Probe  
  52  4:53  Pylon  
  52  4:54  Probe  
  53  5:03  Observer  
  53  5:04  Gateway x2  
  54  5:09  Twilight Council  
  54  5:11  Probe x2  
  54  5:12  Pylon  
  56  5:23  Probe x2  
  56  5:27  Immortal  
  58  5:31  Stalker x2  
  60  5:42  Shield Battery  
  62  5:46  Probe x2  
  64  5:57  Stalker x2  
  64  6:02  Charge  
  68  6:06  Probe x2  
  68  6:08  Templar Archives  
  68  6:09  Pylon  
  68  6:11  Immortal  
  70  6:18  Assimilator  
  70  6:19  Pylon  
  74  6:37  Zealot  
  74  6:38  Zealot x3  
  82  6:46  Immortal  
  82  6:53  Gateway  
  82  6:54  Gateway  
  82  6:57  Pylon  
  84  7:34  Observer  
  84  7:42  Warp Prism  
  82  7:46  Nexus  
  82  7:47  Pylon  
  82  7:49  High Templar x3  
  82  7:50  High Templar x3  
  92  7:56  Archon  
  92  7:57  Archon x2  
  94  8:06  Pylon  
  94  8:09  Shield Battery  
  94  8:14  Shield Battery  
  94  8:22  Zealot x4  
  94  8:23  Zealot x2  
  106  8:35  Immortal  
  106  8:36  Forge x2  
  106  8:39  Pylon  
  110  8:44  Shield Battery  
  110  8:51  Zealot  
  110  8:52  Zealot x5  
  122  9:00  Probe x3  
  125  9:30  Zealot x4  
  125  9:31  Zealot x2  
Show
View Real Time Build Order
Export as new Build Order

AndyMills Protoss 

Build Orders:  

Get SALT Encoding   

  12  0:01  Probe  
  13  0:18  Pylon, Probe  
  14  0:30  Probe  
  15  0:39  Probe  
  15  0:40  Gateway  
  15  0:47  Probe  
  16  0:52  Assimilator  
  16  0:55  Probe  
  17  1:03  Probe  
  19  1:12  Probe  
  20  1:24  Probe  
  21  1:26  Gateway  
  21  1:29  Cybernetics Core  
  21  1:36  Probe  
  22  1:44  Pylon  
  22  1:49  Probe  
  22  1:51  Assimilator  
  23  2:02  Probe  
  23  2:07  Warp Gate  
  24  2:11  Stalker  
  26  2:18  Probe  
  26  2:19  Stalker  
  29  2:30  Probe  
  30  2:43  Pylon  
  30  2:51  Nexus  
  30  2:59  Pylon  
  30  3:09  Stalker  
  30  3:18  Stalker  
  34  3:28  Pylon  
  34  3:52  Probe  
  35  3:59  Pylon  
  34  4:04  Probe  
  32  4:20  Stalker x2  
  35  4:36  Probe x2  
  37  4:48  Probe x2  
  37  4:51  Stalker x2  
  43  5:00  Probe  
  45  5:07  Probe  
  45  5:12  Probe  
  46  5:17  Twilight Council  
  46  5:19  Probe  
  46  5:20  Gateway  
  47  5:21  Gateway  
  47  5:22  Gateway  
  47  5:34  Gateway  
  43  5:35  Pylon  
  43  5:37  Pylon  
  43  5:42  Charge, Stalker x2  
  47  5:49  Gateway  
  47  5:52  Probe x2  
  47  6:05  Probe x2  
  49  6:13  Probe x2  
  51  6:20  Forge  
  51  6:22  Probe  
  51  6:24  Probe  
  53  6:30  Assimilator, Probe  
  53  6:31  Assimilator  
  53  6:36  Probe  
  53  6:38  Probe  
  55  6:40  Zealot x3  
  55  6:44  Zealot  
  64  6:47  Zealot  
  64  6:51  Zealot  
  68  6:56  Protoss Ground Weapons Level 1  
  68  6:59  Probe x2  
  70  7:15  Zealot  
  72  7:18  Pylon  
  72  7:22  Pylon  
  68  7:31  Pylon  
  54  7:41  Zealot x5  
  54  7:48  Zealot  
  56  8:01  Probe x2  
  56  8:03  Zealot x2  
  62  8:07  Zealot  
  64  8:13  Probe x2  
  64  8:16  Zealot  
  68  8:25  Probe x2  
  70  8:31  Zealot x4  
  78  8:45  Zealot x2  
  82  8:54  Nexus  
  82  8:57  Pylon  
  82  9:06  Zealot x3  
  88  9:16  Zealot  
  90  9:22  Zealot  
  90  9:24  Zealot  
  78  9:31  Zealot x2  
Tags
 
Composition
Archon Immortal
Matchup
PvP
Spawn Locations
Cross Positions
Add a new tag
Caveats
  • Supply blocks, unpowered buildings, or Contaminate may cause inaccurate times.
  • Supply counts are checked every 10 seconds.